 Dungeon Crawl Stone Soup version 0.21.1-1-g345015fe64 (webtiles) character file.

83 Gargoyl the Skirmisher (level 4, -3/38 HPs)
             Began as a Centaur Abyssal Knight on Apr 25, 2018.
             Was a Believer of Lugonu.
             Slain by a hobgoblin
             ... wielding a cursed -3 club
             ... led by Robin
              (4 damage)
             ... on level 3 of the Dungeon.
             The game lasted 00:03:06 (1811 turns).

Gargoyl the Skirmisher (Centaur Abyssal Knight)     Turns: 1811, Time: 00:03:08

Health: -3/38      AC:  7    Str: 15    XL:     4   Next: 22%
Magic:  0/5        EV:  9    Int: 11    God:    Lugonu [**....]
Gold:   108        SH:  0    Dex:  9    Spells: 3/3 levels left

rFire    . . .     SeeInvis .   a - +1 hand axe
rCold    . . .     Gourm    .   (no shield)
rNeg     . . .     Faith    .   b - +0 leather armour
rPois    .         Spirit   .   (no helmet)
rElec    .         Reflect  .   d - +2 cloak {+Inv}
rCorr    .         Harm     .   (no gloves)
MR       .....                  (no barding)
Stlth    +.........             (no amulet)
HPRegen  0.12/turn              (no ring)
MPRegen  0.09/turn              (no ring)

@: flying, very slightly contaminated, invisible, very quick
A: large, hooves 3, deformed body, speed 2, tough skin 3
a: Depart the Abyss, Bend Space, Renounce Religion


You were on level 3 of the Dungeon.
You worshipped Lugonu.
Lugonu was pleased with you.
You were not hungry.

You visited 1 branch of the dungeon, and saw 3 of its levels.
You visited the Abyss 1 time.

You collected 108 gold pieces.

Inventory:

Hand Weapons
 a - a +1 hand axe (weapon)
Armour
 b - a +0 leather armour (worn)
 d - a +2 cloak of invisibility (worn)
Wands
 l - a wand of acid (5)
Scrolls
 e - 2 scrolls of remove curse {unknown}
 g - 4 scrolls of identify
 k - a scroll of enchant armour {unknown}
 m - a scroll of magic mapping {unknown}
 n - a scroll of amnesia {unknown}
Potions
 f - a potion of might {unknown}
 h - 2 potions of flight
 i - a potion of mutation {unknown}
 j - a potion of lignification {unknown}
Comestibles
 c - 4 rations
 o - a chunk of flesh


   Skills:
 + Level 3.4 Fighting
 + Level 2.4 Axes
 * Level 1.9 Armour
 + Level 1.0 Dodging
 * Level 2.6 Invocations
 * Level 1.2 Evocations


You had 3 spell levels left.
You didn't know any spells.

Dungeon Overview and Level Annotations

Branches:
Dungeon (3/15)

Altars:

Annotations:
D:3 Robin


Innate Abilities, Weirdness & Mutations

You have hooves in place of feet.
Armour fits poorly on your strangely shaped body.
You cover ground very quickly.
You have extremely tough skin. (AC +3)


Message History

Robin is severely wounded.
You closely miss the hobgoblin. You closely miss the goblin.
You hit the hobgoblin.
The goblin hits you with an antimagic dagger.
* * * LOW HITPOINT WARNING * * *
You feel your power leaking away.
Robin roars a battlecry!
The hobgoblin goes into a battle-frenzy!
The hobgoblin closely misses you. x2; Robin misses you.
The goblin hits you with an antimagic dagger.
* * * LOW HITPOINT WARNING * * *
You feel your power leaking away.
A hobgoblin comes into view.
It was a potion of flight.
You feel very buoyant.
You fly up into the air.
The goblin hits you but does no damage. The hobgoblin hits you.
* * * LOW HITPOINT WARNING * * *
The hobgoblin hits you with a club.
You die...

....#...(...............
....#. #................
.....g #....%.[.........
...... #................
......##...........##...
.......#..........## .(.
......†.)...#....... ...
......gg....###+#.### ..
.....gg@).#.........
....#.gg..#..... ... ...
#.....#...... ..
#.....#...... .....##
."... ......# .......#
#........


You could see Robin, 3 hobgoblins and 3 goblins.

Vanquished Creatures
  3 adders (D:2)
  An orc (D:3)
  2 giant cockroaches (D:3)
  4 hobgoblins
  2 jackals (D:2)
  8 kobolds
  2 quokkas (D:2)
  A ball python (D:3)
  7 bats
  4 frilled lizards
  12 goblins
  4 rats
50 creatures vanquished.

Notes
Turn   | Place    | Note
-------+----------+-------------------------------------------
     0 | Abyss:1  | Gargoyl the Centaur Abyssal Knight began the quest for the Orb.
     0 | Abyss:1  | Reached XP level 1. HP: 19/19 MP: 2/2
    21 | Abyss:2  | Noticed a human
    46 | Abyss:2  | Noticed a wretched star
    48 | D:1      | Escaped the Abyss
   771 | D:2      | Reached XP level 2. HP: 26/26 MP: 3/3
   775 | D:2      | Reached * piety under Lugonu
  1175 | D:2      | Reached XP level 3. HP: 31/31 MP: 4/4
  1408 | D:2      | Reached skill level 1 in Evocations
  1449 | D:2      | Reached skill level 1 in Dodging
  1785 | D:3      | Reached XP level 4. HP: 34/38 MP: 5/5
  1799 | D:3      | Noticed Robin
  1800 | D:3      | Reached ** piety under Lugonu
  1811 | D:3      | HP: 1/38 [hobgoblin[Robin] (4)]
  1811 | D:3      | Slain by a hobgoblin

Skill      XL: |  1  2  3 |
---------------+----------+-----
Axes           | 2 |  2.4
Evocations     | 1 |  1.2
Dodging        | 1 |  1.0
Fighting       | |  3.4
Armour         | |  1.9
Invocations    | |  2.6

Action                   |  1- 3 |  4- 6 || total
-------------------------+-------+-------++-------
Melee: Hand axe          |   105 |     8 ||   113
       Kick              |    19 |     4 ||    23
Invok: Depart the Abyss  |     1 |       ||     1
 Abil: Evoke Invisibilit |     3 |     1 ||     4
  Use: Scroll            |     2 |       ||     2
       Potion            |       |     1 ||     1
 Stab: Invisible         |     1 |       ||     1
  Eat: Chunk             |     3 |       ||     3
Armor: Leather armour    |    80 |    12 ||    92
Dodge: Dodged            |    82 |    24 ||   106
